 Dungeon Crawl Stone Soup version 0.31-a0-640-g39d97e502b (webtiles) character file.

Game seed: 407078131062646838

7 qw the Shooter (level 2, -1/17 HPs)
             Began as a Gargoyle Hunter on Aug 27, 2023.
             Frozen to death by an endoplasm (4 damage)
             ... on level 1 of the Dungeon.
             The game lasted 00:00:03 (103 turns).

qw the Shooter (Gargoyle Hunter)                     Turns: 103, Time: 00:00:03

Health: -1/17      AC:  5    Str: 14    XL:     2   Next: 0%
Magic:  2/2        EV: 11    Int:  9    God:
Gold:   15         SH:  0    Dex: 13    Spells: 1/1 levels left

rFire   . . .        a - +0 shortbow
rCold   . . .        (shield currently unavailable)
rNeg    + . .        c - +0 leather armour
rPois   inf          (no helmet)
rElec   +            (no cloak)
rCorr   .            (no gloves)
SInv    .            (no boots)
Will    .....        (no amulet)
Stlth   +            (no ring)
HPRegen 0.22/turn    (no ring)
MPRegen 0.08/turn

%: no passive effects
@: no status effects
A: sickness immunity, AC +2, negative energy resistance 1, electricity
resistance, torment resistance 1, petrification resistance
a: no special abilities


You were on level 1 of the Dungeon.
You visited 1 branch of the dungeon, and saw 1 of its levels.

You collected 15 gold pieces.


Innate Abilities, Weirdness & Mutations

You are immune to sickness and miasma.
Your stone body is resilient. (AC +2)
You are immune to poison.
You resist negative energy. (rN+)
You are resistant to electric shocks. (rElec)
You are resistant to unholy torment.
You are immune to petrification.


   Skills:
 - Level 2.1 Fighting
 + Level 4.4 Ranged Weapons
 - Level 1.5 Dodging
 - Level 1.1 Stealth


You had one spell level left.
You didn't know any spells.
Your spell library was empty.

Inventory:

Hand Weapons
 a - a +0 shortbow (weapon)
Armour
 c - a +0 leather armour (worn)
Scrolls
 b - a scroll of butterflies
 d - a scroll of fear {unknown}
 e - a scroll of noise {unknown}
 f - a scroll of identify {unknown}

Dungeon Overview and Level Annotations

Branches:
Dungeon (1/15)

Altars:


Message History

The hobgoblin shouts!
The hobgoblin moves out of view.
You shoot an arrow. The arrow closely misses the hobgoblin.
You shoot an arrow. The arrow hits the hobgoblin.
The hobgoblin is lightly wounded.
A ball python comes into view.
You shoot an arrow. The ball python hisses angrily.
The arrow hits the hobgoblin.
You kill the hobgoblin!
An endoplasm comes into view.
You shoot an arrow.
The arrow hits the endoplasm but does no damage.
The endoplasm barely misses you.
You shoot an arrow.
The arrow completely misses the endoplasm.
The endoplasm barely misses you. The ball python closely misses you. x2
You shoot an arrow. The arrow hits the endoplasm.
The endoplasm is moderately wounded.
The endoplasm freezes you.
You are frozen.
The ball python closely misses you. The ball python grabs you.
The ball python constricts you.
You shoot an arrow.
The arrow closely misses the ball python.
The ball python closely misses you. The ball python constricts you.
The endoplasm hits you. The ball python barely misses you.
The ball python constricts you. The endoplasm freezes you.
You are frozen.
You shoot an arrow. The arrow hits the ball python.
You kill the ball python!
The endoplasm freezes you.
You are frozen.
You have reached level 2!
You shoot an arrow.
The arrow hits the endoplasm but does no damage.
The endoplasm is moderately wounded.
The endoplasm freezes you.
You are frozen.
You die...

.......................#
....######.....ยค.#.#####
....#####..%...........#
........#..###..##.###.#
##........## #...#.....#
#......#.# ###########
..#####.#.# # ##.#.#
#.@#.# #..%J..# #.#.####
..... .....## ###.. #. #.


You could see an endoplasm.

Vanquished Creatures
  2 endoplasms (D:1)
  2 hobgoblins (D:1)
  A ball python (D:1)
  A rat (D:1)
6 creatures vanquished.

Notes
Turn   | Place    | Note
-------+----------+-------------------------------------------
     0 | D:1      | qw the Gargoyle Hunter began the quest for the Orb.
     0 | D:1      | Reached XP level 1. HP: 12/12 MP: 1/1
     0 | D:1      | 0 ||| qw: Version: 0.3-a-74-g0d5e918
     0 | D:1      | 0 ||| qw: Game counter: 43
     0 | D:1      | 0 ||| qw: Melee chars always use a shield: true
     0 | D:1      | 0 ||| qw: God list: Okawaru
     0 | D:1      | 0 ||| qw: Allow faded altars: false
     0 | D:1      | 0 ||| qw: Do Orc after clearing Dungeon:15 true
     0 | D:1      | 0 ||| qw: Do second Lair branch before Depths: true
     0 | D:1      | 0 ||| qw: Lair rune preference: random
     0 | D:1      | 0 ||| qw: Goals: Normal
     0 | D:1      | 0 ||| PLANNING D:1-11
   102 | D:1      | HP: 2/12 [frozen (4)]
   103 | D:1      | Reached XP level 2. HP: 3/17 MP: 2/2
   103 | D:1      | Frozen to death by an endoplasm

Levels and vault maps discovered:
D:1:      ebering_trefoil_twist, layout_basic, chequers_ecumenical_altar_simple,
          minmay_tromino_v4_a

Action                     || total
---------------------------++-------
   Fire: Shortbow          ||    16
  Dodge: Dodged            ||     7

Table legend:
 A = Non-vault XP
 B = Vault XP
 C = Vault XP percentage of total XP
 D = Non-vault monster count
 E = Vault monster count
 F = Vault count percentage of total count
                 A         B        C        D         E       F
            +---------+---------+-------+---------+---------+-------
      Total |      10 |       0 |   0.0 |       6 |       0 |   0.0
            +---------+---------+-------+---------+---------+-------
        D:1 |      10 |       0 |   0.0 |       6 |       0 |   0.0
            +---------+---------+-------+---------+---------+-------
